Map: Magannatha LE

Players

LunaSea

  • Race: Protoss Protoss
  • Spawn Location: 11:00

Jumy (ForJumy) - Winner!

  • Race: Protoss Protoss
  • League: Grandmaster
  • Spawn Location: 5:00

Event: HomeStory Cup XXVII

VOD

Have the link to the VOD?

Description

Time

  • Played on: June 27, 2025, 11:21 a.m.
  • Length: 7:33

All games in this series

Show
View Real Time Build Order
Export as new Build Order

LunaSea Protoss 

Build Orders:  

Get SALT Encoding   

  12  0:00  Probe  
  13  0:12  Probe  
  14  0:17  Pylon  
  14  0:24  Probe  
  15  0:32  Probe  
  15  0:37  Gateway  
  15  0:40  Probe  
  16  0:46  Assimilator  
  17  0:51  Probe  
  17  0:54  Assimilator  
  18  1:00  Probe  
  19  1:07  Gateway  
  19  1:08  Probe  
  19  1:17  Probe  
  20  1:24  Cybernetics Core  
  21  1:29  Probe  
  22  1:34  Pylon  
  22  1:41  Probe  
  23  1:57  Stalker  
  23  1:58  Stalker  
  23  2:01  Warp Gate  
  27  2:09  Probe  
  27  2:10  Pylon  
  28  2:26  Robotics Facility  
  28  2:36  Sentry  
  30  2:48  Nexus  
  30  2:51  Probe  
  31  3:03  Probe  
  31  3:14  Warp Prism  
  30  3:23  Probe  
  28  3:35  Probe  
  28  3:39  Gateway  
  29  3:51  Sentry x2  
  33  4:00  Immortal  
  36  4:09  Pylon  
  36  4:21  Stalker  
  35  4:30  Probe  
  34  4:33  Immortal  
  34  4:36  Sentry x2  
  39  4:38  Probe  
  44  4:48  Probe  
  45  4:56  Pylon  
  45  5:04  Shield Battery  
  45  5:13  Sentry  
  47  5:18  Stalker  
  49  5:31  Stalker  
  51  5:36  Stalker  
  53  5:49  Warp Prism  
  49  6:02  Stalker  
  41  6:47  Stalker x3  
  45  7:10  Stalker x2  
  43  7:17  Adept  
Show
View Real Time Build Order
Export as new Build Order

Jumy Protoss - Winner!

Build Orders: Oracle Opening 

Get SALT Encoding   

  12  0:00  Probe  
  13  0:12  Probe  
  14  0:17  Pylon  
  14  0:24  Probe  
  15  0:33  Probe  
  15  0:36  Gateway  
  15  0:41  Probe  
  16  0:46  Assimilator  
  17  0:50  Probe  
  17  0:54  Assimilator  
  18  0:59  Probe  
  19  1:07  Probe  
  19  1:09  Gateway  
  19  1:17  Probe  
  20  1:22  Cybernetics Core  
  21  1:29  Probe  
  22  1:35  Pylon  
  22  1:41  Probe  
  23  1:53  Probe  
  28  2:01  Warp Gate  
  28  2:02  Adept x2  
  28  2:05  Probe  
  29  2:18  Pylon  
  29  2:22  Stargate, Probe  
  29  2:34  Probe, Stalker  
  30  2:38  Stalker  
  34  2:46  Probe  
  35  2:59  Probe  
  36  3:06  Pylon  
  34  3:14  Oracle  
  37  3:22  Probe  
  36  3:28  Nexus  
  36  3:32  Pylon  
  36  3:34  Probe  
  37  3:45  Twilight Council  
  37  3:46  Probe  
  38  3:59  Probe  
  39  4:04  Stalker x2  
  41  4:11  Shield Battery  
  41  4:15  Shield Battery, Blink  
  41  4:20  Shield Battery  
  41  4:29  Sentry x2  
  45  4:41  Gateway  
  45  4:46  Probe  
  45  4:47  Probe  
  47  4:57  Stalker  
  49  5:03  Stalker  
  51  5:09  Probe  
  51  5:10  Probe  
  53  5:14  Gateway  
  53  5:20  Stalker  
  55  5:21  Probe  
  55  5:23  Shield Battery  
  56  5:28  Stalker  
  56  5:34  Pylon  
  58  5:37  Stalker  
  58  5:41  Shield Battery  
  60  5:46  Stalker  
  62  6:00  Stalker x2  
  66  6:04  Probe x2  
  66  6:06  Assimilator  
  66  6:08  Pylon  
  68  6:14  Stalker  
  68  6:17  Pylon  
  70  6:27  Probe  
  69  6:33  Stalker x3  
  69  6:38  Probe  
  76  6:46  Stalker  
  78  6:48  Pylon  
  78  6:50  Probe  
  78  6:52  Probe  
  80  6:56  Robotics Facility  
  80  6:58  Stalker  
  82  7:06  Stalker  
  80  7:10  Stalker  
  80  7:11  Probe  
  79  7:17  Stalker  
  79  7:21  Probe  
  79  7:22  Stalker  
Tags
 
Add a new tag
Caveats
  • Supply blocks, unpowered buildings, or Contaminate may cause inaccurate times.
  • Supply counts are checked every 10 seconds.